 Dungeon Crawl Stone Soup version 0.32-a0-705-g60f233581c (webtiles) character file.

Game seed: 8533464749961076842

85468 Griffin23 the Tortoise (level 15, -8/126 HPs)
             Began as a Minotaur Fighter on Mar 14, 2024.
             Was a High Priest of Hepliaklqana.
             Mangled by a death knight
             ... wielding a +0 broad axe
              (22 damage)
             ... on level 15 of the Dungeon.
             The game lasted 01:21:29 (27286 turns).

Griffin23 the Tortoise (Minotaur Fighter)          Turns: 27286, Time: 01:21:30

Health: -8/126     AC: 25    Str: 25    XL:     15   Next: 38%
Magic:  0/28       EV:  8    Int:  7    God:    Hepliaklqana [*****.]
Gold:   1368       SH:  7    Dex: 11    Spells: 14/14 levels left

rFire   + . .        b - +1 double sword (heavy)
rCold   x . .        c - +0 buckler
rNeg    . . .        R - +0 plate armour
rPois   .            (helmet restricted)
rElec   +            J - +1 cloak
rCorr   .            Y - -1 pair of gloves "Mahamuav" {Rampage Regen+}
SInv    .            G - +1 pair of boots
Will    +....        a - amulet of guardian spirit Stlth
                     z - ring of fire
HPRegen 1.21/turn    d - ring "Qiemy" {rElec MP+9 Slay+4 Stlth-}
MPRegen 0.21/turn

%: guardian spirit, rampage
@: about to teleport, studying Evocations
A: reduced essence, horns 2, retaliatory headbutt
a: Renounce Religion, Recall Ancestor, Ancestor Identity, Transference, Idealise


You were on level 15 of the Dungeon.
You worshipped Hepliaklqana.
Hepliaklqana was extremely pleased with you.
You visited 2 branches of the dungeon, and saw 20 of its levels.
You also visited: Trove and Ossuary.

You collected 3220 gold pieces.
You spent 1852 gold pieces at shops.

Inventory:

Hand Weapons
 b - a +1 heavy double sword (weapon)
 T - the +2 great sword "Loqayt" {freeze, Int+3}
   (You found it in a treasure trove)

   Int+3:     It affects your intelligence (+3).
Armour
 c - a +0 buckler (worn)
 G - a +1 pair of boots (worn)
 J - a +1 cloak (worn)
 R - a +0 plate armour (worn)
 Y - the -1 pair of gloves "Mahamuav" (worn) {Rampage Regen+}
   (You found it in a treasure trove)

   Regen+:    It increases your rate of health regeneration.
   Rampage:   It bestows one free step when moving towards enemies.
Jewellery
 a - an amulet of guardian spirit (around neck)
 d - the ring "Qiemy" (right hand) {rElec MP+9 Slay+4 Stlth-}
   (You found it in a treasure trove)

   [ring of magical power]

   Slay+4:    It affects your accuracy & damage with ranged weapons and melee
   (+4).
   rElec:     It insulates you from electricity.
   MP+9:      It affects your magic capacity (+9).
   Stlth-:    It makes you less stealthy.
 p - a +6 ring of intelligence
 y - a ring of protection from cold
 z - a ring of fire (left hand)
 K - an amulet of the acrobat
 L - a +6 ring of dexterity
 U - a +6 ring of dexterity
 Z - the ring "Woves" {rN+ Int+6 Slay-4}
   (You found it in a treasure trove)

   [ring of positive energy]

   Int+6:     It affects your intelligence (+6).
   Slay-4:    It affects your accuracy & damage with ranged weapons and melee
   (-4).
   rN+:       It protects you from negative energy.
Wands
 o - a wand of digging (10)
 H - a wand of flame (68)
 N - a wand of warping (18)
 S - a wand of charming (18)
 V - a wand of polymorph (8)
Scrolls
 e - a scroll of blinking
 g - 3 scrolls of enchant weapon
 k - 5 scrolls of revelation
 m - 4 scrolls of fear
 n - 3 scrolls of silence
 q - 13 scrolls of teleportation
 s - 2 scrolls of poison
 w - 2 scrolls of butterflies
 A - 3 scrolls of vulnerability
 B - 4 scrolls of enchant armour
 C - a scroll of amnesia
 E - 2 scrolls of torment
 M - 2 scrolls of noise
 Q - 4 scrolls of fog
Potions
 f - 13 potions of curing
 h - 8 potions of brilliance
 i - a potion of berserk rage {unknown}
 l - a potion of resistance {unknown}
 r - 5 potions of haste
 v - 3 potions of magic
 x - a potion of cancellation {unknown}
 D - 4 potions of enlightenment
 F - 3 potions of degeneration
 I - 3 potions of lignification
 O - 5 potions of mutation
 P - 2 potions of might
 X - 6 potions of ambrosia
Miscellaneous
 t - a phial of floods (inert)


   Skills:
 * Level 15.2 Fighting
 * Level 17.4 Long Blades
 * Level 19.6 Armour
 - Level 3.5 Dodging
 + Level 13.6 Shields
 - Level 6.8 Invocations
 - Level 7.0 Evocations


You had 14 spell levels left.
You didn't know any spells.
Your spell library contained the following spells:

 Spells                   Type           Power      Damage    Failure   Level
 Apportation              Tloc           0%         N/A       95%         1
 Jinxbite                 Hex            0%         N/A       99%         2
 Gell's Gravitas          Tloc           0%         N/A       100%        3
 Sigil of Binding         Hex            0%         N/A       100%        3
 Teleport Other           Tloc           0%         N/A       100%        3
 Animate Dead             Necr           0%         N/A       100%        4
 Ignite Poison            Fire/Alch      0%         N/A       100%        4
 Leda's Liquefaction      Alch/Erth      0%         N/A       100%        4
 Petrify                  Alch/Erth      0%         N/A       100%        4
 Sticky Flame             Fire/Alch      0%         2d4       100%        4
 Vhi's Electric Charge    Tloc/Air       0%         N/A       100%        4
 Alistair's Intoxication  Alch           0%         N/A       100%        5
 Arcjolt                  Conj/Air       0%         1d10      100%        5
 Metabolic Englaciation   Hex/Ice        0%         N/A       100%        5
 Death Channel            Necr           0%         N/A       100%        6
 Dispersal                Tloc           0%         N/A       100%        6
 Sculpt Simulacrum        Ice/Alch       0%         N/A       100%        6
 Haunt                    Necr/Summ      0%         N/A       100%        7
 Ignition                 Fire           0%         3d3       100%        8
 Infestation              Necr           0%         N/A       100%        8
 Maxwell's Capacitive Co  Air            0%         ∞         100%        8


Dungeon Overview and Level Annotations

Branches:
Dungeon (15/15)            Temple (0/1) D:4            Lair (5/5) D:8
  Swamp (0/4) Lair:2       Spider (0/4) Lair:3        Slime (0/5) Lair:5
    Orc (0/2) D:9          Vaults (0/5) D:13        Ossuary (visited)
 Depths: D:15

Altars:
Cheibriados
Elyvilon
Fedhas
Hepliaklqana
Qazlal
Ru
Sif Muna
Wu Jian
The Shining One
Jiyva

Shops:
D:7 *!?(

Annotations:
D:11 1 runed translucent door, brae's ghost, journeyman DsGl
D:12 exclusion: obsidian statue


Innate Abilities, Weirdness & Mutations

Your life essence is reduced to manifest your ancestor. (-10% HP)
You have a pair of horns on your head.
You reflexively headbutt those who attack you in melee.


Message History

Lynn drains the death knight.
Lynn suffers a backlash!
The death knight hits Lynn with a +0 broad axe!
Lynn is destroyed!
You feel much better.
The meliai invokes the aid of its god against you.
Something smites you!
You are too injured to fight recklessly!
You are too injured to fight recklessly!
You slash the death knight!
The death knight is almost dead.
The death knight reflects your damage back at you!
The death knight hits you with a +0 broad axe!
You slash the death knight!
The death knight is almost dead.
The death knight reflects your damage back at you!
* * * LOW HITPOINT WARNING * * *
The death knight's dark mirror aura disappears.
The death knight mumbles some strange prayers to Yredelemnul against you.
You resist with significant effort.
You closely miss the death knight.
The death knight is almost dead.
The meliai mumbles some strange prayers to its god against you.
Something smites you!
* * * LOW HITPOINT WARNING * * *
The death knight hits you with a +0 broad axe!!
* * * LOW HITPOINT WARNING * * *
You feel better.
The death knight hits you with a +0 broad axe.
* * * LOW HITPOINT WARNING * * *
As you read the scroll of teleportation, it crumbles to dust.
You feel strangely unstable.
The meliai invokes the aid of its god against you.
Something smites you!
* * * LOW HITPOINT WARNING * * *
The death knight hits you but does no damage.
You feel better.
The death knight hits you with a +0 broad axe!!
You die...
Hepliaklqana delivers you to your ancestors.

###### #....###### #
#.........# ###.
#.........# !....
#.........#
......########.........##
.....yyp@................
......########.........##
..... #........## ....
#####....# ##. ###### #


You could see a death knight (drained) and 2 meliai.

Vanquished Creatures
  Jorgrun (D:13)
  An eleionoma (Lair:2)
  A yaktaur captain (D:12)
  A fire dragon (Lair:5)
  Fannar (D:10)
  3 vault guards (D:13)
  The ghost of MiniTore the Cleaver, a journeyman CoBe of Trog (D:9)
  A hydra (D:15)
  2 ogre magi (D:13)
  2 catoblepae
  2 centaur warriors
  3 boulder beetles
  A hell hog (Lair:5)
  3 skeletal warriors (D:13)
  6 glowing orange brains
  7 ugly things
  A cyclops (D:12)
  A manticore (D:13)
  7 meliai
  5 black mambas
  16 elephants
  3 gargoyles
  9 cane toads
  5 torpor snails (Lair:5)
  4 rime drakes
  A yaktaur (D:11)
  A rime drake (shapeshifter) (D:14)
  6 komodo dragons
  An efreet (D:14)
  A troll (D:9)
  A queen bee (D:12)
  10 polar bears
  A tarantella (Lair:3)
  A raiju (shapeshifter) (D:12)
  18 blink frogs
  2 dream sheep (Lair:3)
  A blink frog (shapeshifter) (D:15)
  A raiju (Lair:5)
  3 slime creatures (D:12)
  A shadow (D:9)
  Sigmund (D:2)
  5 wraiths
  A wyvern (Lair:4)
  A human (D:13)
  36 yaks
  8 wargs
  6 basilisks
  Menkaure (D:7)
  2 vampire mosquitoes (D:10)
  6 acid dragons
  11 water moccasins
  12 hell hounds (Lair:5)
  3 sky beasts
  4 orc warriors
  2 ice beasts
  2 ogres (D:9)
  11 black bears
  12 wolves
  8 centaurs
  A phantom (D:6)
  An elf zombie (Ossuary)
  A weeping skull (Ossuary)
  2 kobold brigands
  A gnoll sergeant (D:10)
  8 bullfrogs
  2 scorpions (Lair:3)
  11 wights
  23 killer bees
  7 howler monkeys
  A vampire bat (D:7)
  3 bombardier beetles
  3 centaur zombies (Ossuary)
  A gnoll bouda (D:6)
  7 hounds
  A spectral scorpion (Ossuary)
  Crazy Yiuf (D:2)
  A human zombie (Ossuary)
  6 orc priests
  4 jellies
  3 iguanas
  2 hexers
  5 orc wizards
  Natasha (D:3)
  A crocodile zombie (Ossuary)
  3 hound zombies (Ossuary)
  A mummy (Ossuary)
  17 gnolls
  5 adders
  3 shadow imps
  5 adder zombies (Ossuary)
  2 dart slugs
  2 ribbon worms (D:2)
  30 orcs
  4 ball pythons
  7 endoplasms
  4 giant cockroaches
  7 goblins
  6 hobgoblins
  2 quokkas
  5 ball python zombies (Ossuary)
  13 bats
  2 frilled lizards (D:2)
  2 gnoll zombies (Ossuary)
  A jackal zombie (Ossuary)
  11 kobolds
  5 kobold zombies (Ossuary)
  7 rats
509 creatures vanquished.

Vanquished Creatures (collateral kills)
  A yaktaur captain (D:11)
  A hydra (Lair:5)
  A vault guard (D:13)
  A boulder beetle (D:11)
  A two-headed ogre (D:12)
  Nergalle (D:10)
  Urug (Lair:2)
  A deep elf knight (D:13)
  Sonja (D:12)
  2 skysharks
  A pharaoh ant (Lair:3)
  A glowing orange brain (D:12)
  A swamp dragon (Lair:5)
  A deep elf archer (D:13)
  2 orc knights
  Maurice (D:7)
  An oklob plant (Lair:2)
  8 elephants
  An unseen horror (D:11)
  A yaktaur (D:11)
  A rime drake (Lair:5)
  Psyche (D:10)
  A troll (D:12)
  A polar bear (Lair:5)
  A troll (shapeshifter) (D:12)
  2 dream sheep (Lair:3)
  2 blink frogs
  2 slime creatures (D:12)
  A shadow (D:9)
  8 yaks
  2 basilisks
  A human (D:13)
  2 steam dragons
  4 water moccasins
  An acid dragon (Lair:5)
  A hell hound (Lair:5)
  2 black bears
  An ogre (D:9)
  2 centaurs (D:13)
  3 wolves
  2 kobold brigands (D:9)
  3 bullfrogs
  A scorpion (D:5)
  3 gnoll sergeants
  2 wights
  5 killer bees
  A vampire bat (D:7)
  2 howler monkeys
  A hound (D:5)
  An iguana (D:4)
  4 orc wizards
  2 mummies (Ossuary)
  2 gnolls
  An adder (D:5)
  An adder zombie (Ossuary)
  7 orcs
  An endoplasm (D:4)
  A goblin (D:3)
  2 bats
  A frilled lizard (D:3)
  A kobold (D:2)
  A rat (D:3)
113 creatures vanquished.

Vanquished Creatures (others)
  A deep elf knight (D:13)
  A slime creature (D:14)
  13 hexers
15 creatures vanquished.

Grand Total: 637 creatures vanquished

Notes
Turn   | Place    | Note
-------+----------+-------------------------------------------
     0 | D:1      | Griffin23 the Minotaur Fighter began the quest for the Orb.
     0 | D:1      | Reached XP level 1. HP: 19/19 MP: 0/0
   222 | D:1      | Reached XP level 2. HP: 27/27 MP: 1/1
   531 | D:2      | Found a faded altar of an unknown god.
   557 | D:2      | Reached skill level 4 in Armour
   589 | D:2      | Prayed at the altar of an unknown god.
   589 | D:2      | Became a worshipper of Hepliaklqana the Forgotten
   589 | D:2      | Reached * piety under Hepliaklqana
   691 | D:2      | Reached XP level 3. HP: 27/29 MP: 2/2
   818 | D:2      | Noticed Sigmund
   823 | D:2      | Killed Sigmund
   824 | D:2      | Reached skill level 5 in Long Blades
   824 | D:2      | Reached skill level 5 in Armour
   824 | D:2      | Reached XP level 4. HP: 35/36 MP: 3/3
   824 | D:2      | Reached XP level 5. HP: 40/42 MP: 4/4
  1162 | D:2      | Found a runed translucent door.
  1163 | D:2      | Noticed Crazy Yiuf
  1540 | D:2      | Killed Crazy Yiuf
  1846 | D:3      | Reached ** piety under Hepliaklqana
  1877 | D:3      | Found a sacrificial altar of Ru.
  1931 | D:3      | Reached XP level 6. HP: 47/47 MP: 5/5
  1996 | D:3      | Noticed Natasha
  2001 | D:3      | Killed Natasha
  2118 | D:3      | Found a white marble altar of Elyvilon.
  2405 | D:4      | Reached skill level 6 in Armour
  2428 | D:4      | Found a staircase to the Ecumenical Temple.
  2474 | D:4      | Noticed a sky beast
  2488 | D:4      | Killed a sky beast
  2982 | D:3      | Found an ornate altar of the Wu Jian Council.
  2982 | D:3      | Found a blossoming altar of Fedhas.
  2982 | D:3      | Found a stormy altar of Qazlal.
  3026 | D:5      | Entered Level 5 of the Dungeon
  3054 | D:5      | Reached XP level 7. HP: 54/54 MP: 6/6
  3061 | D:5      | Remembered your ancestor Lynn as a hexer
  3176 | D:5      | Reached skill level 5 in Fighting
  3182 | D:5      | Reached skill level 7 in Armour
  3287 | D:5      | Reached *** piety under Hepliaklqana
  3398 | D:5      | Reached skill level 5 in Shields
  3597 | D:5      | Found a sand-covered staircase.
  3659 | Ossuary  | Entered an ossuary
  3702 | Ossuary  | Reached XP level 8. HP: 42/61 MP: 7/7
  3867 | Ossuary  | Reached skill level 1 in Dodging
  4224 | D:5      | Reached skill level 8 in Armour
  4531 | D:6      | Reached XP level 9. HP: 62/67 MP: 8/8
  4582 | D:6      | Reached skill level 10 in Long Blades
  4901 | D:6      | Found a glowing golden altar of the Shining One.
  5262 | D:7      | Found Viochih's Distillery.
  5274 | D:7      | Noticed Maurice
  5638 | D:7      | Maurice stole a +0 long sword
  5639 | D:7      | Maurice stole a throwing net
  5644 | D:7      | Killed Maurice
  5645 | D:7      | Reached skill level 9 in Armour
  5682 | D:7      | Found Jioffi's Antique Weapon Emporium.
  5792 | D:7      | Bought a potion of heal wounds for 65 gold pieces
  5792 | D:7      | Bought a potion of curing for 39 gold pieces
  5825 | D:7      | Found Pimutero's General Store.
  5831 | D:7      | Bought a scroll of identify for 28 gold pieces
  5916 | D:7      | Found Veil's Magic Scroll Emporium.
  5953 | D:7      | Bought a scroll of butterflies for 52 gold pieces
  5953 | D:7      | Bought a scroll of identify for 26 gold pieces
  5953 | D:7      | Bought a scroll of enchant armour for 97 gold pieces
  5978 | D:7      | Noticed Menkaure
  5987 | D:7      | Killed Menkaure
  5988 | D:7      | Reached skill level 10 in Armour
  6362 | D:8      | Found a staircase to the Lair.
  6362 | D:8      | Reached **** piety under Hepliaklqana
  6577 | D:8      | Reached XP level 10. HP: 55/79 MP: 9/9
  7521 | D:8      | Reached skill level 11 in Armour
  7898 | D:9      | Found a runed translucent gate.
  7898 | D:9      | Found a runed translucent gate.
  7898 | D:9      | Found a runed translucent gate.
  8101 | D:9      | Reached skill level 12 in Armour
  8249 | D:9      | Found a staircase to the Orcish Mines.
  8799 | D:9      | Found a transporter.
  8805 | D:9      | Found a transporter.
  8821 | D:9      | Found a transporter.
  8890 | D:9      | Found a transporter.
  8928 | D:9      | Noticed MiniTore's ghost (journeyman CoBe)
  9355 | D:10     | Entered Level 10 of the Dungeon
  9383 | D:10     | Reached XP level 11. HP: 83/87 MP: 10/10
  9694 | D:10     | Noticed Fannar
  9715 | D:10     | Killed Fannar
  9977 | D:10     | Reached skill level 13 in Armour
 10051 | D:10     | Noticed Psyche
 10058 | D:10     | Killed Psyche
 10202 | D:10     | Identified the +1 dagger "Xeghuq" {flame, rC+ Str+3}
 10586 | D:10     | Noticed Nergalle
 10600 | D:10     | Killed Nergalle
 10744 | D:11     | Noticed a boulder beetle
 10764 | D:11     | Killed a boulder beetle
 10840 | D:11     | Reached skill level 14 in Armour
 11212 | D:11     | Noticed a green ugly thing
 11236 | D:11     | Killed a green ugly thing
 11416 | D:11     | Found a runed translucent door.
 11417 | D:11     | Noticed brae's ghost (journeyman DsGl)
 11438 | D:11     | Noticed a boulder beetle
 11459 | D:11     | Killed a boulder beetle
 11460 | D:11     | Reached skill level 10 in Fighting
 11786 | D:9      | Killed MiniTore's ghost
 11792 | D:9      | Reached skill level 15 in Armour
 11792 | D:9      | Reached skill level 1 in Invocations
 11889 | Lair:1   | Entered Level 1 of the Lair of Beasts
 12047 | Lair:1   | Reached skill level 1 in Evocations
 12074 | Lair:1   | Noticed a boulder beetle
 12080 | Lair:1   | Killed a boulder beetle
 12081 | Lair:1   | Reached XP level 12. HP: 56/96 MP: 12/12
 12577 | Lair:1   | Reached ***** piety under Hepliaklqana
 12740 | Lair:1   | Reached skill level 16 in Armour
 12740 | Lair:1   | Reached skill level 10 in Shields
 13132 | Lair:2   | Noticed a catoblepas
 13141 | Lair:2   | Killed a catoblepas
 13244 | Lair:2   | Noticed Urug
 13945 | Lair:2   | Found a staircase to the Swamp.
 13945 | Lair:2   | Noticed an eleionoma
 14197 | Lair:2   | Killed Urug
 14198 | Lair:2   | Reached skill level 15 in Long Blades
 14198 | Lair:2   | Reached skill level 17 in Armour
 14340 | Lair:2   | Killed an eleionoma
 15125 | Lair:3   | Found a hole to the Spider Nest.
 15159 | Lair:3   | Reached XP level 13. HP: 104/106 MP: 14/14
 16134 | Lair:3   | You fall into a shaft and drop 2 floors!
 16134 | Lair:5   | Entered Level 5 of the Lair of Beasts
 17150 | Lair:4   | Reached skill level 18 in Armour
 17827 | Lair:4   | Reached skill level 5 in Invocations
 18406 | Lair:5   | Found a snail-covered altar of Cheibriados.
 18495 | Lair:5   | Reached ****** piety under Hepliaklqana
 18655 | Lair:5   | Found a staircase to the Slime Pits.
 18778 | Lair:5   | Found a viscous altar of Jiyva.
 18823 | Lair:5   | Reached XP level 14. HP: 116/116 MP: 17/17
 21224 | D:11     | Identified 2 scrolls of acquirement
 21365 | D:7      | Bought a wand of flame (9) for 88 gold pieces
 21423 | D:7      | Bought a potion of might for 52 gold pieces
 21423 | D:7      | Bought 2 potions of might for 104 gold pieces
 21431 | D:7      | Acquired a manual of Evocations
 21433 | D:7      | Acquired 963 gold pieces
 21932 | D:12     | Reached skill level 5 in Evocations
 22825 | D:12     | Reached skill level 19 in Armour
 22907 | D:12     | Noticed Sonja
 22920 | D:12     | Killed Sonja
 23769 | D:12     | Found a portal to a secret trove of treasure.
 24130 | D:7      | Bought the +5 glaive of the Guard {elec, spectral} for 1301
                  | gold pieces
 24130 | D:7      | Found the +5 glaive of the Guard {elec, spectral}
 24267 | D:12     | You paid a toll of the glaive of the Guard to enter a
                  | treasure trove
 24268 | Trove    | Entered a treasure trove
 24275 | Trove    | Identified the +1 robe of the Poles {Str+4}
 24287 | Trove    | Identified the +2 great sword "Loqayt" {freeze, Int+3}
 24292 | Trove    | Identified the -1 pair of gloves "Mahamuav" {Rampage
                  | Regen+}
 24294 | Trove    | Identified the ring "Woves" {rN+ Int+6 Slay-4}
 24298 | Trove    | Identified the ring "Qiemy" {rElec MP+9 Slay+4 Stlth-}
 24516 | D:13     | Noticed Jorgrun
 24527 | D:13     | Killed Jorgrun
 24818 | D:13     | Reached XP level 15. HP: 125/125 MP: 18/18
 25941 | D:13     | Found a gate to the Vaults.
 26421 | D:14     | Reached skill level 15 in Fighting
 26861 | D:14     | Found a shimmering blue altar of Sif Muna.
 27047 | D:15     | Entered Level 15 of the Dungeon
 27285 | D:15     | HP: 6/126 [meliai/divine providence (11)]
 27286 | D:15     | Mangled by a death knight

Illustrated notes

Levels and vault maps discovered:
D:1:      roderic_chinese_lattice_arrival, layout_basic
D:2:      layout_basic, shapermc_ecumenical_altar_ellora,
          minmay_misc_feat_hallway, minmay_distorted, uniq_crazy_yiuf_cottage,
          uniq_sigmund
D:3:      layout_basic, elyvilon_altar_1, nicolae_overflow_hidden_temple,
          uniq_natasha
D:4:      layout_basic, minmay_temple_entry_mini_moons
D:5:      layout_gridville, chequers_ossuary_entry_cave,
          minmay_manual_mandibuliform
D:6:      layout_loops_ring, nicolae_tso_carved_into_rock, supply_closet_lemuel,
          nicolae_underground_beach
D:7:      layout_cave_pools, serial_shops,
          nicolae_shop_temple_entry_statues_fountains, shop, shop,
          nicolae_lakefront_shop, roderic_batcave, serial_bayou_pond_e,
          minmay_misc_feat_doors, uniq_menkaure, uniq_maurice
D:8:      layout_loops_ring, erik_lair_orcish_takeover
D:9:      layout_roguey, kennysheep_orc_monster_closet_entryway,
          gammafunk_ghost_spectres, kennysheep_flooded_box,
          nicolae_transporter_intersection
D:10:     layout_gridville, uniq_psyche, uniq_nergalle, uniq_fannar
D:11:     layout_roguey, ebering_ghost_inner_flame
D:12:     hangedman_surveillance_ring, layout_cave_pools,
          nicolae_trove_entry_diagonal, special_room [special_room_bee],
          minmay_statue_bubble, uniq_sonja
D:13:     layout_basic, grunt_vaults_entry_fortified, uniq_jorgrun
D:14:     layout_roguey, chequers_decorated_corner, serial_curves,
          eino_curves_01, eino_curves_04, st_stairs_11, tgw_sif
D:15:     gammafunk_depths_entry_grave, layout_basic,
          chequers_serial_rivers_room_a, grunt_tough_drop
Lair:1:   layout_cave_pods
Lair:2:   layout_regular_city, alex1729_swamp_entry_worm_eleionoma,
          gauntlet_entry_generic, uniq_urug
Lair:3:   layout_cave_shapes, nicolae_spider_entry_lesser_pyramids,
          grunt_megastairs_4
Lair:4:   layout_long_grid
Lair:5:   hangedman_lair_caniforms_friends, layout_gridlike,
          guppyfry_lair_end_dragon, slime_entry_1, minivault_27,
          eino_small_chamber_without_monster, st_stairs_8,
          kennysheep_snail_temple

Skill      XL: |  1  2  3  4  5  6  7  8  9 10 11 12 13 14 15 |
---------------+----------------------------------------------+-----
Armour         | 4 5 6 7 8 10 12 15 17 18 19 | 19.6
Shields        | 4 5 6 8 9 10 11 13 | 13.6
Fighting       | 4 5 6 8 9 10 12 13 14 15 | 15.2
Long Blades    | 5 6 7 9 11 13 14 15 16 17 | 17.4
Dodging        | 1 2 3 |  3.5
Invocations    | 1 3 5 6 |  6.8
Evocations     | 1 2 4 6 7 |  7.0

Action                     |  1- 3 |  4- 6 |  7- 9 | 10-12 | 13-15 || total
---------------------------+-------+-------+-------+-------+-------++-------
  Melee: Long sword        |    71 |    87 |   295 |   561 |   733 ||  1747
         Headbutt          |     4 |     7 |    53 |   146 |   212 ||   422
         Unarmed           |       |       |       |    25 |       ||    25
         Double sword      |       |       |       |       |   117 ||   117
  Throw: Throwing net      |       |       |       |     3 |       ||     3
 Invoke: Ancestor Identity |     1 |       |       |       |       ||     1
         Ancestor Life: He |       |       |     1 |       |       ||     1
         Recall Ancestor   |       |       |     1 |       |     3 ||     4
         Idealise          |       |       |       |     2 |     8 ||    10
  Evoke: Wand              |       |       |       |     2 |    12 ||    14
         Phial of floods   |       |       |       |       |     1 ||     1
    Use: Potion            |       |     1 |       |     5 |     9 ||    15
         Scroll            |       |       |     9 |    12 |    12 ||    33
   Stab: Distracted        |       |     1 |     2 |     9 |    13 ||    25
         Confused          |       |       |     4 |    16 |    19 ||    39
         Paralysed         |       |       |       |       |     3 ||     3
         Petrified         |       |       |       |       |     1 ||     1
 Armour: Scale mail        |    51 |    69 |   105 |       |       ||   225
         Chain mail        |       |       |   107 |   166 |       ||   273
         Plate armour      |       |       |       |   229 |   759 ||   988
         Skin              |       |       |       |     8 |       ||     8
  Dodge: Dodged            |    27 |    28 |   103 |   217 |   377 ||   752
  Block: Buckler           |    18 |    16 |    68 |   164 |   336 ||   602

Table legend: (Time is in decaauts)
 A = Elapsed time spent in this place.
 B = Non-inter-level travel time spent in this place.
 C = Inter-level travel time spent in this place.
 D = Time resting spent in this place.
 E = Time spent auto-exploring this place.
 F = Levels seen in this place.
 G = Mean time per level.
                   A        B        C        D        E       F      G
               +--------+--------+--------+--------+--------+-----+--------+
         Total |  27034 |  24357 |   2677 |   6653 |  13676 |  22 | 1228.8 |
       Dungeon |  17457 |  15598 |   1859 |   3882 |   9148 |  15 | 1163.8 |
          Lair |   9076 |   8258 |    818 |   2767 |   4297 |   5 | 1815.2 |
         Trove |     87 |     87 |      0 |      0 |      5 |   1 |   87.0 |
       Ossuary |    413 |    413 |      0 |      4 |    226 |   1 |  413.0 |
               +--------+--------+--------+--------+--------+-----+--------+

Top non-repeatable levels by time:
  Lair:5: 2940 daAuts
    D:11: 2218 daAuts
     D:9: 2087 daAuts
  Lair:2: 1981 daAuts
  Lair:3: 1923 daAuts
    D:13: 1611 daAuts
    D:12: 1560 daAuts
     D:7: 1294 daAuts
  Lair:4: 1274 daAuts
     D:2: 1244 daAuts
    D:10: 1242 daAuts
     D:6: 1217 daAuts
    D:14: 989 daAuts
     D:8: 978 daAuts
  Lair:1: 956 daAuts
